 Dungeon Crawl Stone Soup version 0.31.0-32-g396128a36d (webtiles) character file.

Game seed: 3454946032717813086

2471 Breezebrittle the Mimic (level 9, -6/48 HPs)
             Began as a Vine Stalker Shapeshifter on Mar 30, 2024.
             Was a Follower of Makhleb.
             Mangled by Prince Ribbit (12 damage)
             ... on level 7 of the Dungeon on Mar 31, 2024.
             The game lasted 00:12:10 (5019 turns).

Breezebrittle the Mimic (Vine Stalker Shapeshifter) Turns: 5019, Time: 00:12:10

Health: -6/48      AC:  2    Str: 20    XL:     9   Next: 51%
Magic:  0/10       EV: 16    Int: 10    God:    Makhleb [*.....]
Gold:   18         SH:  0    Dex: 15    Spells: 8/8 levels left

rFire   . .          .
                       - Unarmed
rCold   . . .        (shield currently unavailable)
rNeg    . . .        g - melded +0 leather armour
rPois   .            (no helmet)
rElec   .            k - +0 cloak
rCorr   .            j - +0 pair of gloves
SInv    .            (no boots)
Will    +....        (no amulet)
Stlth   +            (no ring)
HPRegen 1.08/turn    (no ring)
MPRegen 0.12/turn

%: guardian spirit
@: flux-form, glowing
A: glow, contaminating, fangs 3, regeneration 1, magic shield, antimagic bite,
no potion heal 2
a: Begin Untransformation, Renounce Religion


You were on level 7 of the Dungeon.
You worshipped Makhleb.
Makhleb was aware of your devotion.
You were something dangerously unstable.
You visited 2 branches of the dungeon, and saw 8 of its levels.

You collected 297 gold pieces.
You spent 279 gold pieces at shops.


Innate Abilities, Weirdness & Mutations

You are something dangerously unstable.
You glow with magical radiation, making you easy to see and hit.
Foes you strike become dangerously contaminated with magical radiation.
You are incapable of wielding weapons or throwing items.
You have razor-sharp teeth.
Your natural rate of healing is unusually fast.
When hurt, damage is shared between your health and your magic reserves.
Your bite disrupts and absorbs the magic of your enemies.
Potions cannot restore your health.


   Skills:
 - Level 6.0 Fighting
 - Level 1.5 Dodging
 - Level 5.0 Unarmed Combat
 - Level 1.0 Invocations
 + Level 9.5 Shapeshifting


You had 8 spell levels left.
You didn't know any spells.
Your spell library contained the following spells:

 Spells                   Type           Power      Damage    Failure   Level
 Freeze                   Ice            0%         1d3       36%         1
 Call Imp                 Summ           0%         N/A       50%         2
 Sublimation of Blood     Necr           0%         N/A       50%         2
 Frozen Ramparts          Ice            0%         1d1       75%         3
 Hailstorm                Conj/Ice       0%         3d5       75%         3
 Summon Hydra             Summ           0%         N/A       100%        7

Inventory:

Missiles
 t - 11 poisoned darts (quivered)
Armour
 a - a +0 animal skin
 g - a +0 leather armour (melded)
 j - a +0 pair of gloves (worn)
 k - a +0 cloak (worn)
 v - a +0 plate armour
Magical Staves
 A - a staff of conjuration {!a}
Jewellery
 T - a +4 ring of protection
Talismans
 c - a beast talisman
 d - a flux talisman (active)
 q - a blade talisman
Wands
 r - a wand of paralysis (7)
 y - a wand of acid (12)
 E - a wand of flame (13)
Scrolls
 b - a scroll of brand weapon {unknown}
 m - 2 scrolls of noise
 o - 2 scrolls of blinking
 p - a scroll of enchant armour {unknown}
 s - 2 scrolls of summoning
 u - 3 scrolls of amnesia {unknown}
 w - 4 scrolls of teleportation {@r2}
 B - a scroll of immolation {unknown}
 C - a scroll of enchant weapon {unknown}
Potions
 e - 2 potions of berserk rage {!q}
 f - 3 potions of heal wounds {@q2}
 h - a potion of mutation
 i - 6 potions of curing {@q1}
 l - 2 potions of brilliance {unknown}
 n - a potion of cancellation
 x - 2 potions of enlightenment
 z - 3 potions of might
 D - a potion of ambrosia {unknown}

Dungeon Overview and Level Annotations

Branches:
Dungeon (7/15)             Temple (1/1) D:4

Altars:
Cheibriados
Dithmenos
Hepliaklqana
Makhleb
Nemelex Xobeh
Qazlal
Ru
Vehumet
Wu Jian
Yredelemnul
Zin

Shops:
D:6 (*?[

Annotations:
D:1 1 transporter
D:7 Prince Ribbit

........... .....
##.####.#.....#...
.....####..............##.
![......(..............##.
.................<......#.
.......................###
............$..#.....#....
..............###....#..##
)........pF...###........#
.....$.........##........#
...............#........##
........#...............#
...#[..#..............###
." ######.......##.#### #
#.....)......###
........))......#
.##.....#######..#


You could see Prince Ribbit (contam).


Message History

You are too injured to fight recklessly!
You are too injured to fight recklessly!
You are too injured to fight recklessly!
You are too injured to fight recklessly!
You are too injured to fight recklessly!
You are too injured to fight recklessly!
You are too injured to fight recklessly!
You are too injured to fight recklessly!
Unknown command.
You are too injured to fight recklessly!
Unknown command.
You are too injured to fight recklessly!
You are too injured to fight recklessly!
Unknown command.
You are too injured to fight recklessly!
Unknown command.
Unknown command.
You closely miss Prince Ribbit. Your bite misses Prince Ribbit.
Prince Ribbit closely misses you.
Unknown command.
You hit Prince Ribbit.
Prince Ribbit begins to glow.
Prince Ribbit is lightly wounded.
Prince Ribbit barely misses you.
Unknown command.
You closely miss Prince Ribbit.
Prince Ribbit is lightly wounded.
Prince Ribbit hits you!!
* * * LOW HITPOINT WARNING * * *
Prince Ribbit hits you!
You die...

Skill      XL: |  1  2  3  4  5  6  7  8  9 |
---------------+----------------------------+-----
Fighting       | 2 3 4 5 6 |  6.0
Shapeshifting  | 4 6 8 9 |  9.5
Unarmed Combat | 4 5 |  5.0
Invocations    | 1 |  1.0
Dodging        | |  1.5

Action                     |  1- 3 |  4- 6 |  7- 9 || total
---------------------------+-------+-------+-------++-------
  Melee: Unarmed           |    45 |    27 |   228 ||   300
         Bite              |    14 |    33 |    84 ||   131
         Short sword       |    36 |   105 |       ||   141
         Punch             |       |     2 |       ||     2
  Throw: Dart              |       |     2 |       ||     2
    Use: Potion            |       |     2 |       ||     2
         Scroll            |       |       |     9 ||     9
 Armour: Animal skin       |    19 |       |       ||    19
         Leather armour    |    31 |    58 |       ||    89
         Skin              |       |    19 |   132 ||   151
  Dodge: Dodged            |    47 |    50 |   191 ||   288
   Form: Flux              |       |       |     1 ||     1

Levels and vault maps discovered:
D:1:      spicycebolla_arrival_risky_transporter, layout_basic
D:2:      layout_basic
D:3:      layout_loops_cross, minmay_goblin_outpost
D:4:      layout_basic, minmay_temple_entry_stoned_glass, uniq_pikel
D:5:      layout_loops_ring, fiery_altar_vehumet, kennysheep_little_box,
          mainiacjoe_overflow_brackets, serial_demonic, serial_demonic_e,
          serial_demonic_f, serial_demonic_d, serial_demonic_e,
          serial_demonic_c, st_stairs_3
D:6:      layout_loops_ring, minmay_shop_grid_forest
D:7:      layout_cave_pools, mainiacjoe_overflow_alcove_2,
          nicolae_stop_n_shop_2, uniq_prince_ribbit1, uniq_duvessa
Temple:   hellmonk_temple_rainy

Notes
Turn   | Place    | Note
-------+----------+-------------------------------------------
     0 | D:1      | Breezebrittle the Vine Stalker Shapeshifter began the quest
                  | for the Orb.
     0 | D:1      | Reached XP level 1. HP: 9/9 MP: 2/2
    12 | D:1      | Reached skill level 2 in Fighting
    12 | D:1      | Reached XP level 2. HP: 15/15 MP: 3/3
   313 | D:1      | Reached XP level 3. HP: 19/19 MP: 4/4
   743 | D:2      | Reached skill level 3 in Fighting
  1444 | D:3      | Reached XP level 4. HP: 24/24 MP: 3/5
  1572 | D:3      | Reached XP level 5. HP: 29/29 MP: 6/6
  1644 | D:3      | Reached skill level 4 in Shapeshifting
  1663 | D:3      | Reached skill level 4 in Fighting
  2186 | D:4      | Reached XP level 6. HP: 26/33 MP: 7/7
  2257 | D:4      | Reached skill level 5 in Shapeshifting
  2375 | D:4      | Noticed Pikel
  2420 | D:4      | Killed Pikel
  2421 | D:4      | Reached skill level 5 in Fighting
  2421 | D:4      | Reached skill level 4 in Unarmed Combat
  2421 | D:4      | Reached skill level 6 in Shapeshifting
  2421 | D:4      | Reached XP level 7. HP: 28/39 MP: 4/8
  2525 | D:4      | Found a staircase to the Ecumenical Temple.
  2536 | Temple   | Entered the Ecumenical Temple
  2564 | Temple   | Became a worshipper of Makhleb the Destroyer
  2717 | D:4      | Gained mutation: You have razor-sharp teeth. [Vine Stalker
                  | growth]
  2717 | D:4      | Reached XP level 8. HP: 30/44 MP: 7/9
  3198 | D:5      | Entered Level 5 of the Dungeon
  3344 | D:5      | Reached skill level 1 in Invocations
  3629 | D:5      | Found a radiant altar of Vehumet.
  3805 | D:5      | Found a stormy altar of Qazlal.
  3878 | D:5      | Reached skill level 6 in Fighting
  3987 | D:5      | Found an ornate altar of the Wu Jian Council.
  4097 | D:6      | Found Sennos's Weapon Shoppe.
  4112 | D:6      | Reached skill level 5 in Unarmed Combat
  4129 | D:6      | Reached skill level 7 in Shapeshifting
  4133 | D:6      | Found Muogucol's Magic Scroll Shoppe.
  4138 | D:6      | Found Tamu's Antique Armour Shoppe.
  4139 | D:6      | Found Quyn's General Store.
  4145 | D:6      | Bought 2 potions of might for 104 gold pieces
  4145 | D:6      | Bought a scroll of identify for 26 gold pieces
  4164 | D:6      | Bought a scroll of identify for 26 gold pieces
  4164 | D:6      | Bought a scroll of summoning for 123 gold pieces
  4239 | D:6      | Noticed a vampire
  4253 | D:6      | Killed a vampire
  4253 | D:6      | Reached * piety under Makhleb
  4254 | D:6      | Reached skill level 8 in Shapeshifting
  4254 | D:6      | Reached XP level 9. HP: 18/48 MP: 2/10
  4658 | D:6      | Reached skill level 9 in Shapeshifting
  4975 | D:7      | Noticed Dowan
  4988 | D:7      | Killed Dowan
  5006 | D:7      | Noticed Prince Ribbit
  5019 | D:7      | Mangled by Prince Ribbit

Vanquished Creatures
  Pikel (D:4)
  A vampire (D:6)
  A steam dragon (D:6)
  A water moccasin (D:6)
  3 sky beasts
  An ogre (D:6)
  A lemure (D:4)
  A phantom (D:5)
  3 scorpions
  Dowan (D:7)
  2 howler monkeys
  2 bombardier beetles
  2 quasits (D:5)
  4 orc priests
  2 hounds
  2 jellies (D:4)
  A sleepcap (D:4)
  4 iguanas
  6 orc wizards
  A gnoll (D:1)
  8 adders
  4 shadow imps
  3 white imps (D:5)
  3 ufetubi (D:5)
  A ribbon worm (D:2)
  13 orcs
  5 endoplasms
  A giant cockroach (D:3)
  11 goblins
  8 hobgoblins
  6 jackals
  2 quokkas
  6 ball pythons
  6 bats
  3 frilled lizards
  8 kobolds
  9 rats
137 creatures vanquished.

Table legend: (Time is in decaauts)
 A = Elapsed time spent in this place.
 B = Non-inter-level travel time spent in this place.
 C = Inter-level travel time spent in this place.
 D = Time resting spent in this place.
 E = Time spent auto-exploring this place.
 F = Levels seen in this place.
 G = Mean time per level.
                   A        B        C        D        E       F      G
               +--------+--------+--------+--------+--------+-----+--------+
         Total |   4993 |   4797 |    196 |    202 |   3555 |   8 |  624.1 |
       Dungeon |   4956 |   4768 |    188 |    202 |   3555 |   7 |  708.0 |
        Temple |     36 |     28 |      8 |      0 |      0 |   1 |   36.0 |
               +--------+--------+--------+--------+--------+-----+--------+

Top non-repeatable levels by time:
     D:4: 981 daAuts
     D:5: 884 daAuts
     D:6: 837 daAuts
     D:3: 772 daAuts
     D:2: 724 daAuts
     D:1: 676 daAuts
     D:7: 80 daAuts
  Temple: 36 daAuts

Table legend:
 A = Non-vault XP
 B = Vault XP
 C = Vault XP percentage of total XP
 D = Non-vault monster count
 E = Vault monster count
 F = Vault count percentage of total count
                 A         B        C        D         E       F
            +---------+---------+-------+---------+---------+-------
      Total |    2469 |    1061 |  30.1 |     112 |      24 |  17.6
            +---------+---------+-------+---------+---------+-------
        D:1 |      49 |       0 |   0.0 |      25 |       0 |   0.0
        D:2 |      31 |       0 |   0.0 |      17 |       0 |   0.0
        D:3 |     216 |      18 |   7.7 |      19 |       9 |  32.1
        D:4 |     347 |     651 |  65.2 |      17 |       1 |   5.6
        D:5 |     150 |     323 |  68.3 |       6 |      13 |  68.4
        D:6 |    1319 |       0 |   0.0 |      21 |       0 |   0.0
        D:7 |     357 |      69 |  16.2 |       7 |       1 |  12.5
            +---------+---------+-------+---------+---------+-------
